[Event "Slovakian ECo-C Extraliga 2024-25"]
[Site "Slovakia"]
[Date "2024.11.23"]
[Round "1.2"]
[White "Jakab, Bela"]
[Black "Babula, Vlastimil"]
[Result "1/2-1/2"]
[ECO "C55"]
[WhiteElo "2361"]
[BlackElo "2496"]
[Annotator "TA"]
[PlyCount "45"]
[EventDate "2024.09.12"]
[EventType "team-tourn"]
[EventCountry "SVK"]
[SourceTitle "playchess.com"]
[Source "ChessBase"]
[SourceQuality "1"]
[TimeControl "5400+30"]

1. e4 e5 2. Nf3 Nc6 3. Bc4 Nf6 4. d3 d5 5. exd5 Nxd5 6. O-O Nb6 7. Bb3 {[%emt 0:04:05] Ng5 is the strong threat.} Bg4 8. Re1 {[%emt 0:05:38][%cal Of3e5] [#] Nxe5! would now be deadly.} Qe7 9. Be3 {[%emt 0:05:11] White is slightly better.} O-O-O 10. Nc3 Kb8 11. a4 a5 12. Qe2 f6 13. Nb5 (13. h3 $142 Bh5 14. Bxb6 cxb6 15. Nb5) 13... Nd5 $11 14. Bd2 g5 15. d4 Nf4 16. Bxf4 gxf4 17. c3 Qg7 18. Rad1 exd4 ({Black should try} 18... Bd6 $15 19. Kh1 Be7) 19. Nbxd4 Nxd4 20. Rxd4 Bd6 21. Be6 ({White should play} 21. Qd3 $11) 21... f5 ({But not} 21... Rde8 22. Re4 $11) (21... Rhe8 $1 $15 22. Re4 Bh5) 22. Qd3 Rhe8 {[%emt 0:05:00] [#] And now ...Qg6 would win.} 23. Kf1 $1 {[%emt 0:00:27] Weighted Error Value: White=0.21 (precise) /Black=0.16 (very precise) .  Mistake:       	White=2     	Black=2      Inaccurate:     	White=3     	Black=2      OK:         	White=4     	Black=8      Best:        	---       	Black=1      Strong:       	White=1     	---} 1/2-1/2

[Event "Slovakian ECo-C Extraliga 2024-25"]
[Site "Slovakia"]
[Date "2024.11.23"]
[Round "1.3"]
[White "Kriebel, Tadeas"]
[Black "Ongut, Tamas Gunes"]
[Result "1-0"]
[ECO "C43"]
[WhiteElo "2512"]
[BlackElo "2215"]
[Annotator "TA"]
[PlyCount "159"]
[EventDate "2024.09.12"]
[EventType "team-tourn"]
[EventCountry "SVK"]
[SourceTitle "playchess.com"]
[Source "ChessBase"]
[SourceQuality "1"]
[TimeControl "5400+30"]

1. e4 e5 2. Nf3 Nf6 3. d4 Nxe4 4. Bd3 d5 5. Nxe5 Bd6 6. O-O O-O 7. Nd2 Nxd2 8. Bxd2 Nd7 9. Nxd7 {[%emt 0:03:17] C43: Petroff Defence: 3 d4.} Bxd7 10. Qh5 f5 11. Qf3 c6 12. Bf4 Qc7 13. Bxd6 Qxd6 14. c3 Rae8 15. Rfe1 Qh6 $146 ({Predecessor:} 15... Re7 16. h3 Rfe8 17. Re3 Rxe3 18. fxe3 g6 19. Qf4 Qe7 20. Re1 Kg7 21. h4 h6 {½-½ Song,G (2145)-Kosakowski,J (2442) Titled Tuesday intern op 08th Feb Late blitz 2022 (5)}) 16. Rad1 f4 17. h3 Qg5 18. c4 Bf5 19. Bxf5 Qxf5 20. cxd5 Qxd5 21. Qxd5+ cxd5 22. Kf1 Kf7 23. Rc1 Rxe1+ 24. Kxe1 Ke6 25. Rc7 Rf7 $1 26. Rc8 f3 27. g3 Kd7 28. Rc3 Re7+ 29. Re3 Re4 $1 30. Kd2 Rxd4+ 31. Kc3 Rc4+ 32. Kd3 Kd6 33. Rxf3 Rc7 34. Rf8 Re7 35. Rd8+ Kc6 36. Rh8 h6 37. Rg8 Rf7 38. f4 Re7 39. g4 Kd6 40. Rd8+ Kc6 41. Rf8 Kd6 42. h4 Rc7 ({Black should play} 42... a5 $11) 43. b3 Re7 44. h5 Kc6 45. Rf5 Kd6 (45... a5 $1 $11) 46. g5 hxg5 47. fxg5 Ke6 (47... Re1 $16) 48. Rf8 Rc7 (48... Ke5 $16 {keeps fighting.} 49. Rf2 Kd6) 49. g6 $1 $18 Kd6 $2 {[%emt 0:00:00] [#]} (49... Re7 {is tougher.} 50. Ra8 a6) 50. Kd4 $2 (50. Rf6+ $1 $18 gxf6 51. h6) 50... Rd7 $2 (50... Ke6 $16 51. a4 b6) 51. Re8 $2 (51. h6 {h7 would kill now.} Re7 52. h7 Re4+ 53. Kd3) 51... Re7 $2 (51... Rc7 52. a3 b6) 52. Rd8+ $2 (52. Rxe7 {Threatening mate with h6.} Kxe7 53. Kxd5) 52... Ke6 $18 53. Rxd5 Kf6 54. a4 Re1 55. Kc5 $2 (55. Kc4 $18 {and White stays clearly on top.}) 55... Ke6 $16 56. Rd6+ Ke7 57. Rd4 Re5+ $2 (57... Rh1 $16) 58. Kc4 $2 ({White has to play} 58. Rd5 $18 Rxd5+ 59. Kxd5) 58... Rxh5 $11 59. Rf4 Kd6 60. Rf7 Rh4+ 61. Kc3 Rh3+ 62. Kb2 Rh2+ 63. Ka3 Kc6 $1 64. a5 Rg2 65. Rxg7 a6 66. b4 (66. Rg8 $5) 66... Rg3+ 67. Kb2 b6 $2 {[%emt 0:02:05][%mdl 8192] [#]} (67... Rg4 $11) 68. axb6 $2 ({White must play} 68. Rg8 $1 $18) 68... Kxb6 $11 69. Rg8 Kb7 70. Kc2 Ka7 (70... Rg1 $11 {remains equal.}) 71. Kd2 $16 Rb3 $2 (71... Rg4 $18) 72. Rf8 Rg3 73. Rf6 Rg4 74. Ke3 Rxb4 75. Kf3 Rb1 76. Kg2 Rb5 77. Kh3 Rg5 78. Kh4 Rg1 79. Kh5 Rh1+ 80. Kg5 1-0

[Event "Slovakian ECo-C Extraliga 2024-25"]
[Site "Slovakia"]
[Date "2024.11.23"]
[Round "1.3"]
[White "Babula, Vlastimil"]
[Black "Stachowiak, Kamil"]
[Result "1-0"]
[ECO "B42"]
[WhiteElo "2496"]
[BlackElo "2417"]
[Annotator "RC"]
[PlyCount "111"]
[EventDate "2024.09.12"]
[EventType "team-tourn"]
[EventCountry "SVK"]
[SourceTitle "playchess.com"]
[Source "ChessBase"]
[SourceQuality "1"]
[TimeControl "5400+30"]

1. e4 c5 2. Nf3 e6 3. d4 cxd4 4. Nxd4 a6 5. Bd3 Nf6 6. O-O Qc7 7. c4 Nc6 8. Nxc6 dxc6 9. Nc3 e5 10. Kh1 Be6 11. Qe2 Bd6 12. a3 Bc5 13. f4 Rd8 14. f5 Bc8 15. Bg5 h5 16. b4 Bd4 17. Rac1 b6 18. c5 b5 19. Qf3 a5 20. Bb1 axb4 21. axb4 Bxc3 22. Qxc3 h4 23. Rcd1 Rxd1 24. Rxd1 Rh5 25. Bc1 h3 26. gxh3 Qe7 27. Qg3 Nd7 28. Qxg7 Qh4 29. Qg8+ Nf8 30. Qg1 Qxh3 31. Rd3 Qh4 32. Rg3 Qd8 33. Be3 Bd7 34. Rg8 Qh4 35. Bc2 Rh8 36. Rg4 Qh3 37. Rg3 Qh5 38. Bd1 Qh4 39. Bf3 Qd8 40. Rg7 Qa8 41. Qg5 Qa1+ 42. Bg1 Rh7 43. Bh5 Rxg7 44. Qxg7 Qa2 45. Qxe5+ Kd8 46. Qb8+ Bc8 47. Qb6+ Kd7 48. Bf3 Qa3 49. Bg2 Qc3 50. Qa7+ Ke8 51. Qc7 Bd7 52. Qb8+ Ke7 53. Qd6+ Ke8 54. f6 Ng6 55. Qb8+ Bc8 56. Qxc8# 1-0

[Event "Slovakian ECo-C Extraliga 2024-25"]
[Site "Slovakia"]
[Date "2024.11.23"]
[Round "1.3"]
[White "Kusa, Jakub"]
[Black "Zwardon, Vojtech"]
[Result "1-0"]
[ECO "E04"]
[WhiteElo "2401"]
[BlackElo "2446"]
[Annotator "TA"]
[PlyCount "115"]
[EventDate "2024.09.12"]
[EventType "team-tourn"]
[EventCountry "SVK"]
[SourceTitle "playchess.com"]
[Source "ChessBase"]
[SourceQuality "1"]
[TimeControl "5400+30"]

1. d4 {[%emt 0:00:06] Krasenkow,Michal} Nf6 2. Nf3 e6 3. c4 d5 4. g3 dxc4 5. Bg2 c6 6. Ne5 Bb4+ 7. Bd2 {[%emt 0:00:41] E04: Open Catalan: 5 Nf3.} Be7 {[%emt 0:00:02] 7...Be7 scores better than 7...Qxd4.} 8. e3 b5 9. b3 cxb3 10. axb3 Bb7 11. Ba5 Qc8 12. O-O Na6 $146 ({Better is} 12... Nbd7 $11) ({Predecessor:} 12... c5 13. Bxb7 Qxb7 14. dxc5 Nc6 15. Nxc6 Qxc6 16. b4 h5 17. Nd2 h4 18. Qf3 Nd5 {1-0 Gelfand,B (2655)-Bartel,M (2600) EU-ch 20th Skopje 2019 (6)}) 13. Qe2 O-O 14. Rc1 c5 ({Black should play} 14... Nd5 $14) 15. Qxb5 $16 Bxg2 16. Kxg2 Rb8 17. Nc6 $1 Rxb5 18. Nxe7+ Kh8 19. Nxc8 Rxc8 20. Nd2 Nd5 21. Ne4 Rxb3 $2 (21... Rc6 $16) 22. Nd6 $18 (22. Nxc5 Nxc5 23. Rxc5 (23. dxc5 Ne7 $11) 23... Ra8 $14) (22. dxc5 Rc6 $16) 22... Rc6 23. Nxf7+ Kg8 24. Nd8 Rc8 25. Nxe6 Rb2 26. e4 (26. Nxc5 $6 Nxc5 27. Rxc5 (27. dxc5 Nxe3+ 28. Kg1 Nc2 $16) 27... Nxe3+ 28. Kf3 Rxc5 29. dxc5 Nf5 $18) (26. dxc5 Rc6 $18) 26... Ne3+ 27. Kg1 Nc2 28. Bc3 Nxa1 29. Bxb2 Nb3 30. Rc4 Rb8 31. Bc3 (31. dxc5 Nd2 32. Ra4 (32. Rc2 Nf3+ 33. Kf1 Kf7 $18) 32... Nxc5 33. Nxc5 Rxb2 34. Rxa7 Rb4) 31... cxd4 32. Nxd4 Nbc5 33. Ne2 g5 34. f3 Rb7 35. Kf2 Kf7 36. Ke3 Nd7 37. Bd4 Nb4 (37... Rb3+ $142 38. Kf2 h6) 38. f4 $18 gxf4+ 39. gxf4 a5 40. e5 Nb6 41. Rc5 a4 42. f5 a3 (42... N6d5+ $142 43. Ke4 a3 44. Rxd5 (44. e6+ Ke7 $18) 44... Nxd5) 43. Nf4 a2 44. f6 Ra7 45. e6+ Kf8 46. Ba1 Ra4 47. Rh5 Nc2+ 48. Kd2 Rxf4 49. Kxc2 Re4 50. e7+ ({And not} 50. Rxh7 Rxe6 51. Rh8+ Kf7 $11) 50... Ke8 51. Rxh7 Nd7 52. Kb3 (52. Bc3 $142 Re2+ 53. Kb3) 52... Re2 53. h4 Re6 54. Rh8+ (54. Kxa2 Nxf6 55. Bxf6 Rxf6 $16) 54... Kf7 55. Kxa2 Re2+ 56. Kb3 Nc5+ 57. Kc4 Ne6 58. e8=Q# 1-0

[Event "Slovakian ECo-C Extraliga 2024-25"]
[Site "Slovakia"]
[Date "2024.11.23"]
[Round "1.3"]
[White "Turcan, Richard"]
[Black "Sipos, Istvan"]
[Result "1/2-1/2"]
[ECO "C07"]
[WhiteElo "2348"]
[BlackElo "2454"]
[Annotator "TA"]
[PlyCount "83"]
[EventDate "2024.09.12"]
[EventType "team-tourn"]
[EventCountry "SVK"]
[SourceTitle "playchess.com"]
[Source "ChessBase"]
[SourceQuality "1"]
[TimeControl "5400+30"]

1. e4 e6 2. d4 d5 3. Nd2 c5 4. exd5 Qxd5 5. Ngf3 cxd4 6. Bc4 Qd8 7. O-O Nc6 8. Nb3 a6 9. Nbxd4 Nxd4 10. Nxd4 Bd6 {[%emt 0:08:57] Prevents Bf4. The position is equal.} 11. Nf3 Nf6 12. Qd4 b5 (12... Be7 {simplifies} 13. Qxd8+ Bxd8 14. a4 Bc7) 13. Be2 (13. Rd1 $5) 13... Bb7 14. Rd1 Be7 15. a4 (15. Qxd8+ {simplifies} Rxd8 16. Rxd8+ Bxd8 17. c3) 15... Qxd4 16. Nxd4 b4 17. Nb3 Be4 18. Bd3 Bxd3 19. cxd3 Nd5 20. Be3 Kd7 21. Bd4 Rhg8 22. Rac1 g5 23. Rc4 Rgc8 24. Kf1 Bd6 25. g3 h5 26. Rdc1 g4 27. Bc5 {[%emt 0:03:30] [#] Black must now prevent Bxd6.} Be5 28. d4 Bd6 (28... Bf6 $11) 29. Nd2 (29. Bxd6 $14 {should be considered.} Rxc4 30. Rxc4 Kxd6 31. a5) 29... Rcb8 (29... Bb8 $11) 30. Bxd6 $14 Kxd6 31. Rc5 b3 32. Nc4+ Ke7 33. Ne3 Rd8 34. Nxd5+ Rxd5 35. Rxd5 exd5 {[%emt 0:00:02][%mdl 4096] Endgame. [#] KR-KR} 36. Rc6 ({Better is} 36. Rc7+ $1 $16 Kf6 37. Ke2) 36... Rb8 $11 37. Rxa6 Rb4 38. a5 Rxd4 39. Rb6 Ra4 40. a6 Ra1+ (40... Ra2 $11 {keeps the balance.}) 41. Ke2 $16 Ra2 42. Rxb3 {[%emt 0:00:00] Weighted Error Value: White=0.10 (very precise) /Black=0.16 (very precise) .  Mistake:       	White=3     	Black=3      Inaccurate:     	White=2     	Black=1      OK:         	White=11    	Black=11     Best:        	White=2     	Black=2} ({White should play} 42. Kd3 $16 Rxb2 43. Kc3) 1/2-1/2

[Event "Slovakian ECo-C Extraliga 2024-25"]
[Site "Slovakia"]
[Date "2024.11.23"]
[Round "1.3"]
[White "Rohacek, Miroslav"]
[Black "Baidetskyi, Valentin"]
[Result "0-1"]
[ECO "C48"]
[WhiteElo "2245"]
[BlackElo "2512"]
[Annotator "TA"]
[PlyCount "90"]
[EventDate "2024.09.12"]
[EventType "team-tourn"]
[EventCountry "SVK"]
[SourceTitle "playchess.com"]
[Source "ChessBase"]
[SourceQuality "1"]
[TimeControl "5400+30"]

1. e4 e5 2. Nf3 Nc6 3. Nc3 Nf6 4. Bb5 Bd6 5. d3 O-O 6. h3 Re8 7. Bg5 h6 8. Be3 {[%emt 0:04:04] The position is equal.} a6 9. Bxc6 dxc6 10. g4 Nh7 11. Qd2 Qf6 12. Ke2 Be7 13. Rag1 Qd6 14. g5 h5 15. Nh4 g6 16. f4 exf4 17. Bxf4 Qd8 18. Kd1 Be6 (18... Bb4 $11 {keeps the balance.}) 19. Kc1 Bb4 20. Nf3 (20. Nf5 $14) 20... Bxa2 $11 21. Qh2 {[%emt 0:10:40][%cal Of4c7] Threatens to win with Bxc7!} Be6 22. Bxc7 Qe7 23. Ne2 (23. Nb1 $1 $11) 23... Qc5 {[%emt 0:05:12] Black is more active.} (23... a5 $1 $17 {White must now prevent ...a4.} 24. Be5 a4) 24. Ned4 Nf8 (24... a5 $11) 25. Kb1 Qe7 26. c3 Bc5 {[%emt 0:00:04] [#]} 27. Nxe6 $2 Nxe6 $19 28. Be5 Bxg1 29. Rxg1 Qc5 (29... a5 $19 30. Bd6 Qd8) 30. d4 Qb5 31. Nd2 Nf8 32. Rf1 Nd7 33. c4 $2 {[%emt 0:04:55] [#]} (33. Bd6 $17) 33... Qb6 $1 {[%emt 0:00:08] Hoping for ...Nxe5.} 34. c5 Qb5 35. Bd6 Qd3+ 36. Ka1 Qxd4 37. Qf4 {[%emt 0:00:37] [#]} Rf8 38. Nf3 (38. Bxf8 Rxf8) 38... Qa4+ 39. Kb1 Qc4 40. Nh4 $2 (40. Nd2 {was worth a try.} Qd3+ 41. Ka1) 40... Rfe8 41. Re1 Nxc5 42. Bxc5 Qxc5 43. e5 Rad8 {[%emt 0:00:00] And now ...Rd4 would win.} 44. e6 Rxe6 45. Rxe6 Rd1+ {[%emt 0:00:00] Weighted Error Value: White=0.79/Black=0.12 (very precise) .  Loses game:     	White=2     	---        Mistake:       	White=3     	Black=4      Inaccurate:     	White=6     	Black=3      OK:         	White=8     	Black=16     Best:        	White=4     	Black=2      Strong:       	---       	Black=1} 0-1

[Event "Slovakian ECo-C Extraliga 2024-25"]
[Site "Slovakia"]
[Date "2024.11.23"]
[Round "1.4"]
[White "Piesik, Piotr"]
[Black "Roubalik, Jakub"]
[Result "1/2-1/2"]
[ECO "C24"]
[WhiteElo "2421"]
[BlackElo "2315"]
[Annotator "RC"]
[PlyCount "23"]
[EventDate "2024.09.12"]
[EventType "team-tourn"]
[EventCountry "SVK"]
[SourceTitle "playchess.com"]
[Source "ChessBase"]
[SourceQuality "1"]
[TimeControl "5400+30"]

1. e4 e5 2. Bc4 Nf6 3. d3 c6 4. Qe2 Be7 5. Nf3 O-O 6. O-O Qc7 7. Bb3 d6 8. Nbd2 Nbd7 9. c3 Nc5 10. Bc2 Ne6 11. g3 Re8 12. Re1 1/2-1/2

[Event "Slovakian ECo-C Extraliga 2024-25"]
[Site "Slovakia"]
[Date "2024.11.23"]
[Round "1.4"]
[White "Rigo, Zsolt"]
[Black "Chovan, Milan"]
[Result "1-0"]
[ECO "C78"]
[WhiteElo "2403"]
[BlackElo "2349"]
[Annotator "RC"]
[PlyCount "69"]
[EventDate "2024.09.12"]
[EventType "team-tourn"]
[EventCountry "SVK"]
[SourceTitle "playchess.com"]
[Source "ChessBase"]
[SourceQuality "1"]
[TimeControl "5400+30"]

1. e4 e5 2. Nf3 Nc6 3. Bb5 a6 4. Ba4 Nf6 5. O-O b5 6. Bb3 Bb7 7. d3 Be7 8. Re1 O-O 9. Bd2 d6 10. a3 Qd7 11. Nc3 Nd8 12. Nd5 Nxd5 13. exd5 f5 14. Nxe5 dxe5 15. d6+ Kh8 16. dxe7 Qxe7 17. d4 Nc6 18. d5 Nd4 19. Bb4 Qf6 20. Bxf8 Rxf8 21. c3 Nxb3 22. Qxb3 c6 23. c4 cxd5 24. cxd5 Rd8 25. Rad1 e4 26. Qb4 h6 27. Qd4 Qf7 28. d6 Rd7 29. Qe5 f4 30. Rc1 f3 31. Rc7 Rxc7 32. dxc7 Qg6 33. Qg3 Qc6 34. gxf3 exf3 35. h3 1-0

[Event "Slovakian ECo-C Extraliga 2024-25"]
[Site "Slovakia"]
[Date "2024.11.23"]
[Round "1.4"]
[White "Jablonicky, Martin"]
[Black "Durana, Jonas"]
[Result "1-0"]
[ECO "B87"]
[WhiteElo "2400"]
[BlackElo "2036"]
[Annotator "RC"]
[PlyCount "55"]
[EventDate "2024.09.12"]
[EventType "team-tourn"]
[EventCountry "SVK"]
[SourceTitle "playchess.com"]
[Source "ChessBase"]
[SourceQuality "1"]
[TimeControl "5400+30"]

1. e4 c5 2. Nf3 d6 3. d4 cxd4 4. Nxd4 Nf6 5. Nc3 a6 6. Bc4 e6 7. Bb3 b5 8. f4 Be7 9. e5 dxe5 10. fxe5 Nd5 11. Nxd5 exd5 12. Qf3 Be6 13. Nxe6 fxe6 14. O-O Bc5+ 15. Kh1 Qd7 16. Bg5 Nc6 17. Qh5+ g6 18. Qh3 Be7 19. Bf6 Bxf6 20. Rxf6 Nd4 21. c3 Nf5 22. a4 O-O-O 23. g4 Ne7 24. axb5 axb5 25. Qe3 Qc6 26. Qa7 Qc7 27. Qxc7+ Kxc7 28. Ra7+ 1-0

[Event "Slovakian ECo-C Extraliga 2024-25"]
[Site "Slovakia"]
[Date "2024.11.23"]
[Round "1.4"]
[White "Chovan, Milan"]
[Black "Rigo, Zsolt"]
[Result "*"]
[ECO "C78"]
[WhiteElo "2349"]
[BlackElo "2403"]
[Annotator "RC"]
[PlyCount "50"]
[EventDate "2024.09.12"]
[EventType "team-tourn"]
[EventCountry "SVK"]
[SourceTitle "playchess.com"]
[Source "ChessBase"]
[SourceQuality "1"]
[TimeControl "5400+30"]

1. e4 e5 2. Nf3 Nc6 3. Bb5 a6 4. Ba4 Nf6 5. O-O b5 6. Bb3 Bb7 7. d3 Be7 8. Re1 O-O 9. Bd2 d6 10. a3 Qd7 11. Nc3 Nd8 12. Nd5 Nxd5 13. exd5 f5 14. Nxe5 dxe5 15. d6+ Kh8 16. dxe7 Qxe7 17. d4 Nc6 18. d5 Nd4 19. Bb4 Qf6 20. Bxf8 Rxf8 21. c3 Nxb3 22. Qxb3 c6 23. c4 cxd5 24. cxd5 Rd8 25. Rad1 e4 *

[Event "Slovakian ECo-C Extraliga 2024-25"]
[Site "Slovakia"]
[Date "2024.11.23"]
[Round "1.4"]
[White "Butkiewicz, Lukasz"]
[Black "Karas, Marek"]
[Result "1/2-1/2"]
[ECO "B38"]
[WhiteElo "2344"]
[BlackElo "2161"]
[Annotator "RC"]
[PlyCount "63"]
[EventDate "2024.09.12"]
[EventType "team-tourn"]
[EventCountry "SVK"]
[SourceTitle "playchess.com"]
[Source "ChessBase"]
[SourceQuality "1"]
[TimeControl "5400+30"]

1. e4 c5 2. Nf3 Nc6 3. d4 cxd4 4. Nxd4 g6 5. c4 Bg7 6. Be3 Nf6 7. Nc3 d6 8. Be2 O-O 9. O-O Nxd4 10. Bxd4 Bd7 11. Qd2 Bc6 12. f3 a5 13. b3 Nd7 14. Be3 Nc5 15. Rab1 Qb6 16. Rfc1 Rfc8 17. Nb5 Qd8 18. Nd4 Bd7 19. Bd1 h5 20. a3 Kh7 21. b4 axb4 22. axb4 Ne6 23. Nb3 Ba4 24. f4 Qh8 25. Na5 Bxd1 26. Rxd1 Bc3 27. Qd5 Qf6 28. Rb3 Nc7 29. Qd3 Bxb4 30. Rxb4 Rxa5 31. Rxb7 Ne6 32. Rf1 1/2-1/2

[Event "Slovakian ECo-C Extraliga 2024-25"]
[Site "Slovakia"]
[Date "2024.11.23"]
[Round "1.4"]
[White "Borosova, Zuzana"]
[Black "Simacek, Pavel"]
[Result "1-0"]
[ECO "C41"]
[WhiteElo "2175"]
[BlackElo "2452"]
[Annotator "TA"]
[PlyCount "77"]
[EventDate "2024.09.12"]
[EventType "team-tourn"]
[EventCountry "SVK"]
[SourceTitle "playchess.com"]
[Source "ChessBase"]
[SourceQuality "1"]
[TimeControl "5400+30"]

1. e4 e5 2. Nf3 d6 3. d4 Nf6 4. Nc3 Nbd7 5. h3 c6 6. a4 exd4 7. Qxd4 d5 {[%emt 0:04:03] Inhibits Bc4.} 8. exd5 {[%emt 0:29:30] White is slightly better.} Bc5 9. Qh4 O-O 10. dxc6 Re8+ 11. Be2 bxc6 {[%emt 0:00:05] [#]} 12. O-O $1 Rb8 13. Bc4 Rb4 14. b3 Ba6 15. Ba3 $1 Bxc4 16. Bxb4 (16. bxc4 $6 Rb8 $11) 16... Bxf1 17. Rxf1 Qb6 18. Bxc5 Qxc5 19. Qd4 Qf5 20. Re1 ({Resist} 20. Qxa7 Qxc2 21. Qd4 Qxb3 $16) 20... Rxe1+ 21. Nxe1 Qa5 22. b4 Qc7 23. Nd3 h6 24. a5 Nf8 25. Na4 Ne6 26. Qe5 {[%emt 0:02:02] [#] aiming for Qxc7.} Qd8 27. Nac5 Nd4 28. c3 Nb5 29. c4 Nd6 (29... Nd4 {was necessary.} 30. Ne1 Kh8) 30. Qd4 $18 Qe7 31. Ne5 Nf5 32. Qf4 g6 (32... Nd6 $142 33. Nxc6 Qc7 34. Nxa7 Nfe8) 33. Nxc6 Qe1+ 34. Kh2 Nh5 35. Nd3 {[%emt 0:02:08] Hoping for Qb8+.} Qf1 (35... Nxf4 $142 36. Nxe1 Nd6) 36. Qb8+ Kh7 37. Nce5 f6 38. Qxa7+ Nhg7 39. Ng4 {[%emt 0:00:13] Weighted Error Value: White=0.19 (very precise) /Black=0.44.  Mistake:       	---       	Black=2      Inaccurate:     	---       	Black=1      OK:         	White=15    	Black=7      Best:        	White=4     	Black=2      Strong:       	White=2     	---} 1-0

[Event "Slovakian ECo-C Extraliga 2024-25"]
[Site "Slovakia"]
[Date "2024.11.23"]
[Round "1.5"]
[White "Mrva, Martin"]
[Black "Terbe, Zsuzsanna"]
[Result "1/2-1/2"]
[ECO "B34"]
[WhiteElo "2384"]
[BlackElo "2160"]
[Annotator "RC"]
[PlyCount "233"]
[EventDate "2024.09.12"]
[EventType "team-tourn"]
[EventCountry "SVK"]
[SourceTitle "playchess.com"]
[Source "ChessBase"]
[SourceQuality "1"]
[TimeControl "5400+30"]

1. e4 c5 2. Nf3 Nc6 3. d4 cxd4 4. Nxd4 Nf6 5. Nc3 e5 6. Ndb5 d6 7. Nd5 Nxd5 8. exd5 Nb8 9. a4 Be7 10. Be2 Nd7 11. Bd2 a6 12. Na3 a5 13. Bb5 O-O 14. Nc4 f5 15. Qe2 Kh8 16. O-O-O Nc5 17. f4 e4 18. h3 b6 19. g4 Ra7 20. g5 Bd7 21. Be3 Rb7 22. Bxd7 Rxd7 23. b3 Rc7 24. Kb1 Qb8 25. Na3 Qb7 26. Nb5 Rcc8 27. h4 Na6 28. h5 Nc7 29. Nxc7 Qxc7 30. h6 g6 31. c4 Kg8 32. Qb2 Rf7 33. Qc3 Bd8 34. Bc1 Rf8 35. Ba3 Kf7 36. Qg7+ Ke8 37. Rde1 Qe7 38. Bb2 Rf7 39. Qd4 Kd7 40. Qd2 Qe8 41. Rh3 Rc5 42. Bd4 Kc8 43. Qc3 Ra7 44. Re2 Kb7 45. Ra2 Qd7 46. Bg1 Rc8 47. Rhh2 Qc7 48. Rhc2 Rca8 49. Rab2 Qd7 50. Kc1 Rc8 51. Kd1 Rca8 52. Ke1 Rc8 53. Rc1 Rca8 54. Qd4 Kc8 55. Rcb1 Rb7 56. Qh8 Rab8 57. Bd4 Kc7 58. Qg7 Kc8 59. Qg8 Kc7 60. Qg7 Kc8 61. Bc3 Qc7 62. Qg8 Qc5 63. Ke2 Rd7 64. Bg7 Kc7 65. Qxh7 Bxg5 66. fxg5 f4 67. Qxg6 Qe3+ 68. Kf1 Qf3+ 69. Kg1 Qg3+ 70. Rg2 Qe3+ 71. Kh1 Qh3+ 72. Rh2 Qf3+ 73. Rg2 Qh3+ 74. Rh2 Qf3+ 75. Rg2 Qh3+ 76. Rh2 Qf3+ 77. Kg1 Qe3+ 78. Rf2 Qg3+ 79. Rg2 Qe3+ 80. Kh2 f3 81. Rg4 Qe2+ 82. Kh3 e3 83. Bd4 f2 84. Bxe3 Qxe3+ 85. Rg3 Qf4 86. Rf1 Rf8 87. Qh5 Qe5 88. Qg4 Rf4 89. Qe6 Qd4 90. Kg2 Re4 91. Qf6 Qd2 92. Rxf2 Re2 93. Rxe2 Qxe2+ 94. Qf2 Qh5 95. Qf3 Qg6 96. Qf6 Qh5 97. Qe6 Qd1 98. Re3 Qh5 99. Rg3 Qd1 100. Qf6 Qh5 101. Qf3 Qg6 102. Qd3 Qh5 103. Qe4 Qd1 104. Qf3 Qc2+ 105. Kh3 Qg6 106. Kg4 Re7 107. Qf6 Re4+ 108. Kf3 Qe8 109. Qf5 Re1 110. Kf4 Qh5 111. Qd3 Re5 112. Qh7+ Kd8 113. Qh8+ Kd7 114. Qh7+ Kd8 115. Qh8+ Kd7 116. Qh7+ Kd8 117. Qh8+ 1/2-1/2

[Event "Slovakian ECo-C Extraliga 2024-25"]
[Site "Slovakia"]
[Date "2024.11.23"]
[Round "1.5"]
[White "Motuz, Karol"]
[Black "Jurcik, Marian"]
[Result "1/2-1/2"]
[ECO "E70"]
[WhiteElo "2305"]
[BlackElo "2408"]
[Annotator "RC"]
[PlyCount "31"]
[EventDate "2024.09.12"]
[EventType "team-tourn"]
[EventCountry "SVK"]
[SourceTitle "playchess.com"]
[Source "ChessBase"]
[SourceQuality "1"]
[TimeControl "5400+30"]

1. d4 Nf6 2. c4 g6 3. Nc3 Bg7 4. e4 d6 5. Nge2 Nbd7 6. Ng3 e5 7. d5 h5 8. Be2 h4 9. Nf1 Nc5 10. Qc2 a5 11. h3 Bh6 12. Bxh6 Rxh6 13. Ne3 Kf8 14. O-O-O Rh7 15. Kb1 Kg8 16. Bg4 1/2-1/2

[Event "Slovakian ECo-C Extraliga 2024-25"]
[Site "Slovakia"]
[Date "2024.11.23"]
[Round "1.5"]
[White "Briestensky, Rastislav"]
[Black "Pasti, Aron"]
[Result "0-1"]
[ECO "B44"]
[WhiteElo "2263"]
[BlackElo "2355"]
[Annotator "RC"]
[PlyCount "172"]
[EventDate "2024.09.12"]
[EventType "team-tourn"]
[EventCountry "SVK"]
[SourceTitle "playchess.com"]
[Source "ChessBase"]
[SourceQuality "1"]
[TimeControl "5400+30"]

1. e4 c5 2. Nf3 e6 3. d4 cxd4 4. Nxd4 Nc6 5. Nxc6 bxc6 6. c4 Nf6 7. Nc3 e5 8. Be3 Qa5 9. Bd3 Bc5 10. Bxc5 Qxc5 11. O-O d6 12. a3 a5 13. Qc2 Qa7 14. Rad1 O-O 15. Be2 Rd8 16. b4 axb4 17. axb4 Be6 18. Rd2 Rab8 19. Rb1 Rd7 20. h3 h6 21. Qd1 Rdb7 22. Ra1 Qb6 23. Ra4 Qc7 24. Qb3 Nd7 25. Qd1 Nb6 26. Ra6 Bxc4 27. b5 cxb5 28. Nxb5 Qc5 29. Bxc4 Qxc4 30. Qe2 d5 31. exd5 Qxe2 32. Rxe2 Nxd5 33. Nd6 Rb1+ 34. Kh2 f6 35. Nf5 R8b7 36. Rd2 Nf4 37. g3 Ng6 38. h4 e4 39. Ra8+ Kh7 40. h5 Ne5 41. Rdd8 Nf3+ 42. Kg2 Rg1+ 43. Kh3 Rh1+ 44. Kg4 Ne5+ 45. Kf4 Rxh5 46. Rh8+ Kg6 47. Nh4+ Rxh4+ 48. gxh4 Rb2 49. Ra7 Rxf2+ 50. Kxe4 Rh2 51. Rg8 Rxh4+ 52. Kd5 Nf7 53. Rd7 Rh5+ 54. Kd4 Rg5 55. Ke3 Kh7 56. Rf8 Ne5 57. Ra7 Rg6 58. Raa8 Rg3+ 59. Ke4 Ng6 60. Rf7 Rg4+ 61. Ke3 Ne5 62. Rff8 Nc6 63. Rac8 Ne7 64. Kf3 Rg5 65. Rc7 Rf5+ 66. Kg4 h5+ 67. Kg3 Re5 68. Kf3 Rf5+ 69. Ke4 Rf1 70. Rf7 Nf5 71. Kd3 Kg6 72. Ke2 Rf4 73. Rfd7 h4 74. Rd1 Kh5 75. Rg1 Ng3+ 76. Ke3 g5 77. Rc2 Kg4 78. Rf2 f5 79. Rxf4+ gxf4+ 80. Kf2 h3 81. Ra1 h2 82. Ra8 h1=N+ 83. Kg1 f3 84. Ra4+ Kg5 85. Rb4 f2+ 86. Kh2 f1=R 0-1